 Dungeon Crawl Stone Soup version 0.32-a0-799-g95e1662365 (webtiles) character file.

Game seed: 14394654709512647102

1050 Orlauf the Chopper (level 8, -4/64 HPs)
             Began as a Demonspawn Gladiator on Mar 21, 2024.
             Was an Initiate of Qazlal.
             Slain by a killer bee (5 damage)
             ... on level 7 of the Dungeon.
             The game lasted 00:07:50 (4713 turns).

Orlauf the Chopper (Demonspawn Gladiator)           Turns: 4713, Time: 00:07:50

Health: -4/64      AC: 11    Str: 18    XL:     8   Next: 5%
Magic:  10/10      EV:  9    Int:  8    God:    Qazlal [......]
Gold:   228        SH:  0    Dex: 14    Spells: 7/7 levels left

rFire   . . .        a - +1 war axe
rCold   . . .        (no shield)
rNeg    . . .        m - +0 scale mail
rPois   .            c - +1 helmet
rElec   .            (no cloak)
rCorr   .            y - +1 pair of gloves {Stlth+}
SInv    .            (no boots)
Will    .....        (no amulet)
Stlth   +            (no ring)
HPRegen 0.30/turn    (no ring)
MPRegen 0.12/turn

%: no passive effects
@: lethally poisoned (-4 -> -15), wreathed by umbra
A: hooves 1, rugged brown scales 1, foul shadow 1
a: Renounce Religion


You were on level 7 of the Dungeon.
You worshipped Qazlal.
Qazlal was noncommittal.
You visited 2 branches of the dungeon, and saw 8 of its levels.

You collected 242 gold pieces.
You spent 14 gold pieces at shops.

Inventory:

Hand Weapons
 a - a +1 war axe (weapon)
 b - a +0 mace
 A - the +2 falchion "Uneumeut" {heavy, rF+ rCorr Stlth+}
   (You found it on level 7 of the Dungeon)

   rF+:       It protects you from fire.
   rCorr:     It protects you from acid and corrosion.
   Stlth+:    It makes you more stealthy.
Missiles
 d - 2 throwing nets
 e - 6 javelins
 g - 10 poisoned darts
Armour
 c - a +1 helmet (worn)
 m - a +0 scale mail (worn)
 y - a +1 pair of gloves of stealth (worn)
Jewellery
 j - a ring of willpower
 k - a ring of fire
Wands
 p - a wand of flame (18)
 t - a wand of iceblast (5) (quivered)
 v - a wand of mindburst (27)
Scrolls
 i - a scroll of immolation
 l - a scroll of enchant weapon
 n - 4 scrolls of teleportation
 s - a scroll of enchant armour
 u - a scroll of torment
Potions
 f - a potion of ambrosia
 h - 3 potions of attraction
 o - a potion of invisibility
 q - a potion of magic
 r - a potion of enlightenment {unknown}
 w - 2 potions of curing
 x - a potion of might {unknown}
 z - a potion of heal wounds {unknown}


   Skills:
 + Level 5.5 Fighting
 * Level 7.3 Axes
 - Level 1.7 Throwing
 - Level 2.6 Dodging
 + Level 3.1 Invocations


You had 7 spell levels left.
You didn't know any spells.
Your spell library contained the following spells:

 Spells                   Type           Power      Damage    Failure   Level
 Scorch                   Fire           0%         2d5       92%         2
 Stone Arrow              Conj/Erth      0%         3d7       99%         3
 Animate Armour           Summ/Erth      0%         N/A       100%        4
 Flame Wave               Conj/Fire      0%         2d4       100%        4
 Summon Cactus Giant      Summ           0%         N/A       100%        6
 Lehudib's Crystal Spear  Conj/Erth      0%         10d2      100%        8


Dungeon Overview and Level Annotations

Branches:
Dungeon (7/15)             Temple (1/1) D:5

Altars:
Ashenzari
Cheibriados
Dithmenos
Fedhas
Gozag
Hepliaklqana
Kikubaaqudgha
Makhleb
Nemelex Xobeh
Qazlal
Ru
Sif Muna
Trog
Uskayaw
Vehumet
Wu Jian
Xom
Yredelemnul

Shops:
D:1 [   D:4 !   D:6 (


Innate Abilities, Weirdness & Mutations

You have large cloven feet.
You are partially covered in rugged brown scales. (AC +1, +3% HP)
You are faintly shadowed, very rarely releasing foul flame when damaged in melee.


Message History

You feel very sick.
The killer bee stings you but does no damage. x2
The killer bee closely misses you. The killer bee stings you.
* * * LOW HITPOINT WARNING * * *
The gnoll bouda barks out a call to the hunt!
The killer bee barely misses you.
The killer bee stings you but does no damage.
The killer bee barely misses you. The killer bee stings you.
* * * LOW HITPOINT WARNING * * *
You barely miss the killer bee.
The killer bee is almost dead.
You barely miss the killer bee. You slash the killer bee!
You kill the killer bee!
Qazlal accepts your kill.
You hit the killer bee.
You feel very sick. The killer bee stings you.
* * * LOW HITPOINT WARNING * * *
The killer bee stings you but does no damage.
The killer bee stings you!
* * * LOW HITPOINT WARNING * * *
You are more poisoned.
The killer bee poisons you!
A gnoll comes into view. It is wielding a +0 spear.
The killer bee barely misses you.
The killer bee stings you but does no damage.
The killer bee stings you.
* * * LOW HITPOINT WARNING * * *
A gnoll comes into view. It is wielding a +0 club.
Your Invocations skill increases to level 3!
You miss the killer bee.
The gnoll shouts!
You kick the killer bee, but do no damage.
The killer bee is almost dead.
You hit the killer bee. You barely miss the killer bee.
* * * LOW HITPOINT WARNING * * *
You feel very sick.
You hear a shout!
The killer bee stings you.
You die...

############### ##
#...##........# #.
#...##........# #.
#...##........# #.
######...##........###.
...............†.......
#####y..##....)######.
#..@####.........###
#.yy# ###.......# #
#...# #.......# #
.....# ###########
......# ........
#.g....# ######.
#g....## #.. #g....
##.# #..#


You could see a gnoll bouda, 3 killer bees and 2 gnolls.

Vanquished Creatures
  Edmund (D:4)
  A water moccasin (D:7)
  A black bear (D:3)
  A centaur (D:7)
  2 scorpions (D:5)
  A killer bee (D:7)
  2 bombardier beetles
  A hound (D:4)
  A sleepcap (D:5)
  Jessica (D:3)
  Ijyb (D:4)
  2 iguanas
  An orc wizard (D:5)
  Terence (D:3)
  4 gnolls (D:5)
  8 adders
  4 ufetubi (D:6)
  3 ribbon worms
  2 dart slugs (D:2)
  5 orcs
  A ball python (D:2)
  4 bats
  9 endoplasms
  6 giant cockroaches
  5 goblins
  9 hobgoblins
  10 kobolds
  2 quokkas
  A frilled lizard (D:3)
  4 rats
94 creatures vanquished.

Notes
Turn   | Place    | Note
-------+----------+-------------------------------------------
     0 | D:1      | Orlauf the Demonspawn Gladiator began the quest for the
                  | Orb.
     0 | D:1      | Reached XP level 1. HP: 16/16 MP: 1/1
    36 | D:1      | Found Nyufaiw's Antique Armour Shoppe.
   115 | D:1      | Reached skill level 3 in Axes
   128 | D:1      | Gained mutation: You are faintly shadowed, very rarely
                  | releasing foul flame when damaged in melee. [demonic
                  | ancestry]
   128 | D:1      | Reached XP level 2. HP: 22/22 MP: 2/2
   326 | D:1      | Found a faded altar of an unknown god.
   647 | D:2      | Gained mutation: You are partially covered in rugged brown
                  | scales. (AC +1, +3% HP) [demonic ancestry]
   647 | D:2      | Reached XP level 3. HP: 22/28 MP: 3/3
  1009 | D:2      | You fall into a shaft and drop 1 floor!
  1017 | D:3      | Found a hazy altar of Hepliaklqana.
  1025 | D:3      | Noticed a black bear
  1026 | D:3      | Found a shimmering blue altar of Sif Muna.
  1026 | D:3      | Found a sparkling altar of Nemelex Xobeh.
  1028 | D:3      | Found a sacrificial altar of Ru.
  1028 | D:3      | Noticed Jessica
  1031 | D:3      | Killed a black bear
  1032 | D:3      | Reached skill level 4 in Axes
  1032 | D:3      | Reached XP level 4. HP: 36/36 MP: 4/4
  1032 | D:3      | Gained mutation: You have large cloven feet. [demonic
                  | ancestry]
  1032 | D:3      | Reached XP level 5. HP: 42/42 MP: 5/5
  1035 | D:3      | Killed Jessica
  1178 | D:2      | Found a sparkling altar of Nemelex Xobeh.
  1652 | D:3      | Noticed Terence
  1661 | D:3      | Reached skill level 5 in Axes
  1664 | D:3      | Killed Terence
  1851 | D:3      | Found a radiant altar of Vehumet.
  2151 | D:4      | Found Bocajier's Distillery.
  2159 | D:4      | Bought a potion of degeneration for 14 gold pieces
  2294 | D:4      | Reached XP level 6. HP: 33/49 MP: 6/6
  2701 | D:4      | Noticed Edmund
  2715 | D:4      | Killed Edmund
  3026 | D:4      | Noticed Ijyb
  3030 | D:4      | Killed Ijyb
  3113 | D:5      | Entered Level 5 of the Dungeon
  3118 | D:5      | Reached skill level 6 in Axes
  3319 | D:5      | Reached XP level 7. HP: 34/56 MP: 7/7
  3492 | D:5      | Found a staircase to the Ecumenical Temple.
  3499 | Temple   | Entered the Ecumenical Temple
  3514 | Temple   | Became a worshipper of Qazlal Stormbringer
  3608 | D:5      | Reached skill level 5 in Fighting
  3608 | D:5      | Reached skill level 1 in Invocations
  4372 | D:6      | Found Ekhousel's Antique Weapon Shoppe.
  4546 | D:7      | Identified the +2 falchion "Uneumeut" {heavy, rF+ rCorr
                  | Stlth+}
  4570 | D:7      | Reached skill level 7 in Axes
  4575 | D:7      | Reached XP level 8. HP: 30/64 MP: 8/10
  4713 | D:7      | HP: 1/64 [poisoned by a killer bee]
  4713 | D:7      | Slain by a killer bee

Illustrated notes

Levels and vault maps discovered:
D:1:      amcnicky_arrival_abandoned_market, layout_rooms,
          shapermc_ecumenical_altar_mp_urbaneastern, serial_shops, shop,
          amcnicky_mini_pool_small
D:2:      layout_basic, basic_altar
D:3:      layout_rooms, lemuel_tele_altar, grunt_temple_overflow_open,
          skrybe_limestone_x, uniq_terence, uniq_jessica
D:4:      layout_basic, serial_shops, shop, minmay_goblin_kobold_house,
          uniq_edmund, uniq_ijyb
D:5:      layout_cave_pools, minmay_temple_entry_tees
D:6:      layout_rooms, serial_shops, nicolae_shop_behind_doors
D:7:      layout_basic, mainiacjoe_overflow_brackets, uniq_joseph
Temple:   hellmonk_temple_of_storms

Skill      XL: |  1  2  3  4  5  6  7  8 |
---------------+-------------------------+-----
Axes           | 3 4 5 6 7 |  7.3
Fighting       | 3 4 5 |  5.5
Invocations    | 2 3 |  3.1
Throwing       | |  1.7
Dodging        | |  2.6

Action                     |  1- 3 |  4- 6 |  7- 9 || total
---------------------------+-------+-------+-------++-------
  Melee: War axe           |    94 |   103 |    66 ||   263
         Kick              |       |    26 |    12 ||    38
  Throw: Throwing net      |     1 |     2 |       ||     3
  Evoke: Wand              |       |     1 |     1 ||     2
    Use: Scroll            |     3 |     8 |     3 ||    14
         Potion            |       |       |     1 ||     1
   Stab: Held in net/web   |     2 |     1 |       ||     3
 Armour: Leather armour    |    14 |       |       ||    14
         Ring mail         |    42 |    18 |       ||    60
         Scale mail        |       |    49 |   108 ||   157
  Dodge: Dodged            |    50 |    68 |    94 ||   212

Table legend: (Time is in decaauts)
 A = Elapsed time spent in this place.
 B = Non-inter-level travel time spent in this place.
 C = Inter-level travel time spent in this place.
 D = Time resting spent in this place.
 E = Time spent auto-exploring this place.
 F = Levels seen in this place.
 G = Mean time per level.
                   A        B        C        D        E       F      G
               +--------+--------+--------+--------+--------+-----+--------+
         Total |   4778 |   4563 |    215 |    584 |   3204 |   8 |  597.2 |
       Dungeon |   4747 |   4548 |    199 |    584 |   3204 |   7 |  678.1 |
        Temple |     30 |     15 |     15 |      0 |      0 |   1 |   30.0 |
               +--------+--------+--------+--------+--------+-----+--------+

Top non-repeatable levels by time:
     D:4: 1057 daAuts
     D:5: 915 daAuts
     D:2: 831 daAuts
     D:3: 697 daAuts
     D:1: 579 daAuts
     D:6: 447 daAuts
     D:7: 218 daAuts
  Temple: 30 daAuts
